 Dungeon Crawl Stone Soup version 0.28-a0-1233-g92def6ad0a (webtiles) character file.

Game seed: 15708633924049937132

340 Glokmah the Digger (level 6, -2/44 (53) HPs)
             Began as a Hill Orc Wanderer on Dec 23, 2021.
             Was an Initiate of Beogh.
             Slain by Edmund (16 damage)
             ... on level 4 of the Dungeon.
             The game lasted 00:09:39 (4187 turns).

Glokmah the Digger (Hill Orc Wanderer)              Turns: 4187, Time: 00:09:40

HP:   -2/44 (53)    AC:  3    Str: 16    XL:     6   Next: 56%
MP:   0/9           EV: 11    Int: 15    God:    Beogh [......]
Gold: 119           SH:  0    Dex:  8    Spells: 5/9 levels left

rFire   . . .      SeeInvis .   a - +0 shortbow
rCold   . . .      Faith    .   (shield currently unavailable)
rNeg    . . .      Spirit   +   k - +0 robe
rPois   .          Reflect  .   (no helmet)
rElec   .          Harm     .   (no cloak)
rCorr   .          Rampage  .   l - +0 pair of gloves
Will    .....                   (no boots)
Stlth   +.........              r - amulet of guardian spirit
HPRegen 0.14/turn               (no ring)
MPRegen 0.11/turn               (no ring)

@: heavily drained
A: no striking features
a: Renounce Religion


You were on level 4 of the Dungeon.
You worshipped Beogh.
Beogh was noncommittal.
You visited 1 branch of the dungeon, and saw 4 of its levels.

You collected 119 gold pieces.

Inventory:

Hand Weapons
 a - a +0 shortbow (weapon)
 i - a +0 whip
 j - a +0 dagger
Missiles
 b - 4 arrows (quivered ammo)
 d - 21 stones
 n - 36 poisoned darts
 s - 5 javelins
Armour
 c - a +0 scale mail
 k - a +0 robe (worn)
 l - a +0 pair of gloves (worn)
Jewellery
 r - an amulet of guardian spirit (around neck)
 x - an amulet of reflection
Wands
 y - a wand of polymorph (3)
Scrolls
 e - a scroll of amnesia {unknown}
 f - a scroll of enchant weapon {unknown}
 g - 4 scrolls of teleportation {unknown}
 m - a scroll of enchant armour {unknown}
 t - a scroll of identify {unknown}
 u - a scroll of fear {unknown}
 v - a scroll of blinking {unknown}
 w - a scroll of magic mapping {unknown}
Potions
 h - a potion of magic {unknown}
 o - a potion of attraction {unknown}
 p - a potion of degeneration {unknown}
 q - a potion of mutation {unknown}


   Skills:
 + Level 4.4 Fighting
 - Level 1.0 Bows
 - Level 2.1 Armour
 - Level 0.1 Dodging
 + Level 2.2 Spellcasting
 + Level 1.9 Conjurations
 * Level 4.6 Earth Magic
 - Level 2.0 Evocations


You had 5 spell levels left.
You knew the following spells:

 Your Spells              Type           Power      Damage    Failure   Level
a - Sandblast             Erth           30%        2d9       3%          1
b - Stone Arrow           Conj/Erth      22%        3d8       17%         3

Your spell library contained the following spells:

 Spells                   Type           Power      Damage    Failure   Level
 Leda's Liquefaction      Hex/Erth       4%         N/A       63%         4


Dungeon Overview and Level Annotations

Branches:
Dungeon (4/15)
 Temple: D:4-7

Altars:
Cheibriados

Shops:
D:1 [!   D:3 (

Annotations:
D:2 Sigmund
D:4 Edmund


Message History

Edmund hits you with a +3 dire flail of draining!
You feel drained.
Unknown command.
Fire: 7 arrows
Press: ? - help, Q - select action, (/) - cycle Shift-Dir - straight line, f/p - Edmund
Aim: Edmund, wielding a +3 dire flail of draining and wearing a +0 scale mail (severely wounded, 60% to hit)
Really fire in the non-hostile orc priest's direction?
Okay, then.
Fire: 7 arrows
Press: ? - help, Q - select action, (/) - cycle Shift-Dir - straight line, f/p - Edmund
Aim: Edmund, wielding a +3 dire flail of draining and wearing a +0 scale mail (severely wounded, 60% to hit)
Really fire in the non-hostile orc priest's direction?
Okay, then.
Edmund hits you with a +3 dire flail of draining!
You feel drained.
Fire: 7 arrows
Press: ? - help, Q - select action, (/) - cycle Shift-Dir - straight line, f/p - Edmund
Aim: Edmund, wielding a +3 dire flail of draining and wearing a +0 scale mail (severely wounded, 60% to hit)
You shoot an arrow.
The arrow hits Edmund but does no damage.
Edmund is severely wounded.
Edmund hits you with a +3 dire flail of draining!
You feel drained.
* * * LOW HITPOINT WARNING * * *
Fire: 6 arrows
Press: ? - help, Q - select action, (/) - cycle Shift-Dir - straight line, f/p - Edmund
Aim: Edmund, wielding a +3 dire flail of draining and wearing a +0 scale mail (severely wounded, 60% to hit)
You shoot an arrow.
The arrow hits Edmund but does no damage.
Edmund is severely wounded.
Edmund misses you.
Your magical contamination has completely faded away.
Fire: 5 arrows
Press: ? - help, Q - select action, (/) - cycle Shift-Dir - straight line, f/p - Edmund
Aim: Edmund, wielding a +3 dire flail of draining and wearing a +0 scale mail (severely wounded, 60% to hit)
You shoot an arrow.
The arrow hits Edmund but does no damage.
Edmund is severely wounded.
Edmund hits you with a +3 dire flail of draining!
You die...

#....##.###.
##..#.# ..
###.....# ...
#....#......
..
#.######.#.. .
#####.# .# .
#.....# ..
####.#########
.
#.....@.......
######@....#..
#.....#
#.)...#
#.....o.
#....o..#
#......##
##'###.#


You could see Edmund, a neutral orc priest (wandering) and a neutral orc
(wandering).

Vanquished Creatures
  Menkaure (D:4)
  A water moccasin skeleton (D:4)
  A hound (D:3)
  3 gnolls (D:2)
  4 adders
  A worm (D:2)
  2 dart slugs
  An orc (D:3)
  5 ball pythons
  5 bats
  5 endoplasms
  2 giant cockroaches
  5 goblins
  3 hobgoblins
  4 jackals (D:1)
  5 quokkas
  4 frilled lizards
  6 kobolds
  6 rats
64 creatures vanquished.

Vanquished Creatures (others)
  An orc (D:4)
1 creature vanquished.

Grand Total: 65 creatures vanquished

Notes
Turn   | Place    | Note
-------+----------+-------------------------------------------
     0 | D:1      | Glokmah the Hill Orc Wanderer began the quest for the Orb.
     0 | D:1      | Glokmah set off with the following items: a +0 shortbow, 21
                  | arrows, a +0 scale mail, 35 stones; and the following spell
                  | memorised: Sandblast; and the following spells available to
                  | memorise: Stone Arrow, Leda's Liquefaction
     0 | D:1      | Reached XP level 1. HP: 18/18 MP: 2/2
    59 | D:1      | Found Rips's Distillery.
    86 | D:1      | Reached XP level 2. HP: 21/25 MP: 0/3
   396 | D:1      | Found a faded altar of an unknown god.
   678 | D:1      | Reached XP level 3. HP: 30/31 MP: 0/4
   845 | D:1      | Found Qismatim's Armour Boutique.
  1115 | D:2      | Noticed Sigmund
  1529 | D:2      | Reached XP level 4. HP: 15/38 MP: 0/6
  1852 | D:1      | Learned a level 3 spell: Stone Arrow
  3084 | D:3      | Reached XP level 5. HP: 42/46 MP: 4/7
  3224 | D:3      | Found Puehul's Antique Weapon Shoppe.
  3477 | D:3      | Found a snail-covered altar of Cheibriados.
  3734 | D:4      | Reached skill level 1 in Conjurations
  3849 | D:4      | Noticed Menkaure
  3851 | D:4      | Killed Menkaure
  3852 | D:4      | Reached XP level 6. HP: 52/52 MP: 1/9
  4173 | D:4      | Became a worshipper of Beogh the Brigand
  4173 | D:4      | Noticed Edmund
  4187 | D:4      | Slain by Edmund

Illustrated notes

Levels and vault maps discovered:
D:1:      matt_arrival_los_fun, layout_basic,
          shapermc_ecumenical_altar_starsandcircs, serial_shops,
          nicolae_shop_waterfront, shop
D:2:      layout_basic, minmay_tetromino_l2, uniq_sigmund
D:3:      layout_basic, cheibriados_altar_1, serial_shops, shop
D:4:      kennysheep_the_goblin_king, layout_basic, roderic_filled_cross,
          nrook_mini_backslash, uniq_grinder, uniq_duvessa, uniq_edmund,
          uniq_menkaure

Skill      XL: |  1  2  3  4  5 |
---------------+----------------+-----
Fighting       | 3 4 |  4.4
Earth Magic    | 3 4 |  4.6
Conjurations   | 1 |  1.9
Spellcasting   | 2 |  2.2
Bows           | |  1.0
Armour         | |  2.1
Dodging        | |  0.1
Evocations     | |  2.0

Action                   |  1- 3 |  4- 6 || total
-------------------------+-------+-------++-------
Melee: Shortbow          |    10 |       ||    10
       Dagger            |     6 |     4 ||    10
 Fire: Shortbow          |    51 |    66 ||   117
 Cast: Sandblast         |    31 |    29 ||    60
       Stone Arrow       |       |     9 ||     9
Invok: Convert to Beogh  |       |     1 ||     1
Armor: Scale mail        |    26 |       ||    26
       Robe              |     4 |     8 ||    12
Dodge: Dodged            |    49 |    30 ||    79

Table legend: (Time is in decaauts)
 A = Elapsed time spent in this place.
 B = Non-inter-level travel time spent in this place.
 C = Inter-level travel time spent in this place.
 D = Time resting spent in this place.
 E = Time spent auto-exploring this place.
 F = Levels seen in this place.
 G = Mean time per level.
                   A        B        C        D        E       F      G
               +--------+--------+--------+--------+--------+-----+--------+
         Total |   4225 |   3924 |    301 |    632 |   2429 |   4 | 1056.2 |
       Dungeon |   4225 |   3924 |    301 |    632 |   2429 |   4 | 1056.2 |
               +--------+--------+--------+--------+--------+-----+--------+

Top non-repeatable levels by time:
     D:2: 1468 daAuts
     D:1: 1443 daAuts
     D:3: 921 daAuts
     D:4: 391 daAuts
